AoeStats
← MCWest

Hideout

509542056Analyzed
1v1 RM · 7d ago on Sep 27, 2026· 37m 30s· 2 players
Game mode
Random Map
Map size
Tiny (2 player)
Population
200
Speed
Normal
Resources
Standard
Victory
Conquest
Starting age
Dark Age
Ending age
Imperial Age
RankedLock teamsTeams togetherTeam positionsShared explorationLock speedFull tech treeHidden civsTurbo modeCheats
Victory
Defeat
1532
+14
🇦🇺 Danes · Australia
1497
-14
MCWest
8:04 Loom
10:06 Feudal Age
14:11 Castle Age
12:07 Double-Bit Axe
12:33 Horse Collar
17:10 Bow Saw
18:38 Wheelbarrow
20:01 Scale Mail Armor
20:38 Arson
21:41 Chain Mail Armor
29:34 Redemption
30:27 Sanctity
31:23 Squires
36:50 Imperial Age
34:20 Fletching
35:35 Bodkin Arrow
35:58 Thumb Ring
36:28 Ballistics
36:34 Padded Archer Armor
37:37 Bracer
37:06 Cranequins
[CL] Guatona, Guatona qla fea
9:41 Feudal Age
13:42 Castle Age
11:47 Horse Collar
12:15 Double-Bit Axe
14:36 Bow Saw
14:40 Heavy Plow
16:55 Wheelbarrow
19:05 Fervor
21:05 Fletching
21:47 Bodkin Arrow
29:44 Imperial Age
27:23 Loom
28:03 Hand Cart
29:25 Chemistry
29:25 Padded Archer Armor
29:35 Forging
30:27 Leather Archer Armor
33:50 Two-Man Saw
33:35 Conscription
34:53 Ring Archer Armor
34:24 Bracer
33:49 Pikeman
35:46 Wagenburg Tactics
37:09 Iron Casting
36:34 Scale Mail Armor
35:56 Halberdier
36:37 Squires
37:44 Hussite Reforms
37:48 Scale Barding Armor
37:29 Arson
37:20 Houfnice
Connection lost

Rejoining the realm…

Still unreachable

The connection could not be restored.

Session expired

The server has moved on; the page needs a fresh start.